 Dungeon Crawl Stone Soup version 0.26.0-18-gc5c842f807 (webtiles) character file.

Game seed: 9516808054255514903

119519 112233 the Unseen (level 16, -3/117 HPs)
             Began as an Octopode Fighter on Jan 22, 2021.
             Was an Initiate of Gozag.
             Slain by a white very ugly thing (23 damage)
             ... on level 15 of the Dungeon.
             The game lasted 00:55:21 (37638 turns).

112233 the Unseen (Octopode Fighter)               Turns: 37638, Time: 00:55:22

Health: -3/117     AC:  5    Str: 35    XL:     16   Next: 79%
Magic:  35/35      EV: 28    Int: 11    God:    Gozag
Gold:   201        SH: 15    Dex: 21    Spells: 18/29 levels left

rFire    + + +     SeeInvis .   y - +11 dagger of Zin's Indignation {vorpal, Dex+2}
rCold    + . .     Faith    .   b - +0 kite shield
rNeg     . . .     Spirit   .   (helmet restricted)
rPois    .         Reflect  .   x - amulet of Leum Ricusik {Acrobat Str+7}
rElec    .         Harm     .   o - +4 ring of evasion
rCorr    .         Rampage  .   m - +6 ring of strength
Will     ++...                  E - ring of willpower
Stlth    ++++++++..             H - +4 ring of protection
HPRegen  0.29/turn              I - ring of wizardry
MPRegen  0.24/turn              Q - +6 ring of strength
                                W - ring of protection from cold
                                a - ring "Ciheph" {rF+++ MP+9 Dex+4 Slay-2}

@: gold aura, studying Air Magic
A: almost no armour, stealthy swim, amphibious, 8 rings, constrict 8, camouflage
1, clumsy 1, gelatinous body 1
a: Renounce Religion, Potion Petition, Call Merchant, Bribe Branch


You were on level 15 of the Dungeon.
You worshipped Gozag.
Gozag was aware of your devotion.
You visited 7 branches of the dungeon, and saw 27 of its levels.
You also visited: Gauntlet and Ice Cave.

You collected 8757 gold pieces.
You spent 2422 gold pieces at shops.
You paid 6134 gold pieces to Gozag.

Inventory:

Hand Weapons
 f - the +8 dagger "Caciadud" {speed, rElec rPois rF- Str+4}
   (You bought it in a shop on level 10 of the Dungeon)

   Attacks with this weapon are significantly faster.
   It affects your strength (+4).
   It makes you vulnerable to fire.
   It insulates you from electricity.
   It protects you from poison.
 y - the +11 dagger of Zin's Indignation (weapon) {vorpal, Dex+2}
   (You found it on level 10 of the Dungeon)

   It inflicts extra damage upon your enemies.
   It affects your dexterity (+2).
Missiles
 d - 7 curare-tipped darts (quivered)
 g - 18 silver javelins
 F - 5 throwing nets {!f}
Armour
 b - a +0 kite shield (worn)
Jewellery
 a - the ring "Ciheph" (on tentacle) {rF+++ MP+9 Dex+4 Slay-2}
   (You acquired it on level 13 of the Dungeon)

   [ring of magical power]

   It affects your dexterity (+4).
   It affects your accuracy and damage with ranged weapons and melee attacks
   (-2).
   It renders you almost immune to fire.
   It affects your magic capacity (+9).
 k - an uncursed ring of resist corrosion
 m - a +6 ring of strength (right tentacle)
 o - a +4 ring of evasion (left tentacle)
 w - an uncursed ring of protection from cold
 x - the amulet of Leum Ricusik (around mantle) {Acrobat Str+7}
   (You found it in a Gauntlet)

   [amulet of the acrobat]

   It helps you evade while moving and waiting.
   It affects your strength (+7).
 E - a ring of willpower (on tentacle)
 H - a +4 ring of protection (on tentacle)
 I - a ring of wizardry (on tentacle)
 J - an uncursed ring of willpower
 Q - a +6 ring of strength (on tentacle)
 W - a ring of protection from cold (on tentacle)
Wands
 e - a wand of digging (8)
 p - a wand of iceblast (24)
 K - a wand of acid (26)
 M - a wand of paralysis (12)
 O - a wand of disintegration (11)
 U - a wand of enslavement (12)
Scrolls
 h - 6 scrolls of fog
 i - a scroll of holy word
 r - 11 scrolls of remove curse {@r2}
 s - 2 scrolls of summoning
 t - 3 scrolls of blinking
 u - 12 scrolls of teleportation {@r3}
 B - 6 scrolls of amnesia
 C - 4 scrolls of fear
 R - a scroll of silence
 S - a scroll of immolation {unknown}
 V - 2 scrolls of vulnerability
Potions
 c - 6 potions of might
 j - 5 potions of ambrosia
 l - 6 potions of haste
 n - 6 potions of heal wounds
 q - 2 potions of flight
 v - a potion of resistance {unknown}
 D - 6 potions of berserk rage
 G - 8 potions of curing {@q1}
 L - a potion of magic {unknown}
 T - 7 potions of mutation
 Y - a potion of cancellation
 Z - 4 potions of attraction
Books
 P - a manual of Air Magic
Miscellaneous
 A - a lightning rod (4/4)
 N - a condenser vane
 X - a phial of floods


   Skills:
 + Level 13.0 Fighting
 - Level 10.0 Short Blades
 + Level 12.9 Dodging
 - Level 16.3 Stealth
 + Level 12.9 Shields
 + Level 7.1 Spellcasting
 - Level 3.8 Translocations
 + Level 3.0 Transmutations
 + Level 10.5 Evocations


You had 18 spell levels left.
You knew the following spells:

 Your Spells              Type           Power        Failure   Level
a - Passwall              Tmut/Erth      5%           8%          2
b - Apportation           Tloc           24%          1%          1
c - Wereblood             Tmut           10%          4%          2
d - Statue Form           Tmut/Erth      4%           99%         6

Your spell library contained the following spells:

 Spells                   Type           Power        Failure   Level
 Beastly Appendage        Tmut           20%          2%          1
 Animate Skeleton         Necr           6%           9%          1
 Corona                   Hex            3%           9%          1
 Freeze                   Ice            12%          9%          1
 Magic Dart               Conj           12%          9%          1
 Sandblast                Erth           6%           9%          1
 Summon Small Mammal      Summ           12%          9%          1
 Portal Projectile        Hex/Tloc       16%          12%         3
 Call Imp                 Summ           3%           13%         2
 Ensorcelled Hibernation  Hex/Ice        6%           13%         2
 Searing Ray              Conj           6%           13%         2
 Slow                     Hex            3%           13%         2
 Spider Form              Tmut/Pois      3%           14%         3
 Call Canine Familiar     Summ           3%           26%         3
 Confusing Touch          Hex            3%           26%         3
 Dazzling Flash           Conj/Hex       6%           26%         3
 Frozen Ramparts          Ice            6%           26%         3
 Inner Flame              Hex/Fire       3%           26%         3
 Ozocubu's Armour         Ice            3%           26%         3
 Stone Arrow              Conj/Erth      6%           26%         3
 Summon Guardian Golem    Hex/Summ       3%           26%         3
 Tukima's Dance           Hex            3%           26%         3
 Iskenderun's Mystic Bla  Conj/Tloc      8%           36%         4
 Ice Form                 Ice/Tmut       7%           41%         4
 Petrify                  Tmut/Erth      7%           41%         4
 Blade Hands              Tmut           5%           54%         5
 Cause Fear               Hex            1%           61%         4
 Fulminant Prism          Conj/Hex       1%           61%         4
 Hailstorm                Conj/Ice       3%           61%         4
 Leda's Liquefaction      Hex/Erth       1%           61%         4
 Summon Ice Beast         Ice/Summ       3%           61%         4
 Summon Lightning Spire   Summ/Air       3%           61%         4
 Irradiate                Conj/Tmut      3%           75%         5
 Bolt of Magma            Conj/Fire/Erth 1%           91%         5
 Iskenderun's Battlesphe  Conj           3%           91%         5
 Lee's Rapid Deconstruct  Erth           1%           91%         5
 Hydra Form               Tmut           5%           98%         6
 Iron Shot                Conj/Erth      1%           100%        6
 Dragon Form              Tmut           5%           100%        7
 Orb of Destruction       Conj           1%           100%        7
 Spellforged Servitor     Conj/Summ      1%           100%        7


Dungeon Overview and Level Annotations

Branches:
Dungeon (15/15)            Temple (1/1) D:5            Lair (6/6) D:10
  Swamp (1/4) Lair:3       Spider (1/4) Lair:4        Slime (0/5) Lair:6
    Orc (2/2) D:10            Elf (0/3) Orc:2        Vaults (0/5) D:14
 Depths (1/5) D:15          IceCv (visited)         Gauntlet (visited)

Altars:
Ashenzari
Cheibriados
Elyvilon
Fedhas
Gozag
Hepliaklqana
Kikubaaqudgha
Makhleb
Nemelex Xobeh
Okawaru
Ru
Sif Muna
Trog
Uskayaw
Wu Jian
Xom
Yredelemnul
Zin
Beogh
Jiyva

Shops:
D:10 [[*!([   Orc:2 :(!*

Annotations:
D:3 2 transporters, VeinyPole's ghost, amateur TrMo
D:4 3 runed translucent doors, Zing's ghost, novice KoEn
D:5 1 runed translucent door, Thomus's ghost, novice HOFi
D:6 2 transporters, 1 runed translucent door, Crazy Yiuf
Orc:1 1 runed translucent door, kalagan's ghost, journeyman GrEE


Innate Abilities, Weirdness & Mutations

You cannot wear most types of armour.
You are very stealthy in the water. (Stealth+)
You are amphibious.
You can wear up to eight rings at the same time.
You can use your tentacles to constrict eight enemies at once.
Your skin changes colour to match your surroundings (Stealth+).
Your rubbery body absorbs attacks. (AC +1, EV +1)
You are clumsy. (Dex -2)


Message History

Your squeeze misses the white very ugly thing.
You puncture the white very ugly thing!
Your squeeze misses the white very ugly thing.
You hit the white very ugly thing. You squeeze the white very ugly thing!
The white very ugly thing barely misses you.
You feel agile.
y - the +11 dagger of Zin's Indignation (weapon)
{vorpal, Dex+2} Unknown command.
You hit the white very ugly thing. You squeeze the white very ugly thing.
The white very ugly thing tail-slaps you but does no damage.
You hit the white very ugly thing. You squeeze the white very ugly thing!
You hit the white very ugly thing.
The white very ugly thing tail-slaps you!
The white very ugly thing freezes you!! You resist.
* * * LOW HITPOINT WARNING * * *
The white very ugly thing tail-slaps you.
* * * LOW HITPOINT WARNING * * *
The white very ugly thing freezes you!! You resist.
You die...
Your body crumbles into a pile of gold.

..........## ###'####..# #......
####.###### ##.....###.# #......
.....(.# ##...)...##.# #......
####.#.# #..#####..#.# #......
####.#.# #..#...#..#.# #......
.....#.# #.)#.>.#[.#.####......
....(#.# #..#...#..#...........
.((.(#.# #..##u##.[#.###.......
####.#.# ##..u@...##.# #.##.###
.....#.# ##..[..###.###......#
.....#.# #############..##....≈≈≈
....##.###...........##.##..≈≈≈≈≈
....##........................≈≈≈
....######...........##.###.≈≈≈≈≈
....# #...........##.####≈≈≈≈≈
....# #...........##..# ##.≈≈≈
....# ###############.# #.#≈≈


You could see 2 very ugly things.

Vanquished Creatures
  Rupert (D:12)
  Asterion (Spider:1)
  An orc warlord (Orc:1)
  A ghost moth (Spider:1)
  A reaper (IceCv)
  2 very ugly things (D:15)
  Nessos (D:15)
  The ghost of VeinyPole the Brawler, a journeyman TrMo of Okawaru (D:12)
  A minotaur (Gauntlet)
  An eleionoma (Swamp:1)
  An ettin (Orc:2)
  Harold (D:8)
  4 boulder beetles
  7 hydras
  Erolcha (D:13)
  4 vault guards (D:14)
  A catoblepas (D:15)
  Erica (D:8)
  6 centaur warriors
  A merfolk avatar (Lair:6)
  An ogre mage (D:15)
  3 alligators (Swamp:1)
  12 two-headed ogres
  A skeletal warrior (D:15)
  A sea snake (Lair:6)
  4 unseen horrors
  A spriggan druid (Swamp:1)
  2 swamp dragons (Swamp:1)
  4 goliath frogs (Swamp:1)
  Pikel (D:4)
  A harpy (Lair:6)
  3 orc knights
  A necromancer (D:15)
  A deep elf mage (D:15)
  17 ugly things
  2 orc sorcerers (D:15)
  A wolf spider (Gauntlet)
  2 cyclopes
  A will-o-the-wisp (Swamp:1)
  3 manticores
  A moth of wrath (Gauntlet)
  14 elephants
  3 black mambas
  A naga mage (D:15)
  An ice statue (IceCv)
  15 cane toads
  A minotaur zombie (Gauntlet)
  A gargoyle (D:12)
  3 rime drakes (Lair:6)
  6 komodo dragons
  4 kobold demonologists
  6 ice devils (IceCv)
  A meliai (shapeshifter) (D:15)
  A tengu conjurer (D:14)
  9 trolls
  A jumping spider (Lair:4)
  3 meliai (D:13)
  2 tyrant leeches (Swamp:1)
  5 hornets
  7 polar bears
  A wolf spider simulacrum (D:15)
  2 wind drakes (Lair:6)
  A harpy skeleton (D:15)
  15 slime creatures
  27 blink frogs
  6 dream sheep (Lair:4)
  A meliai zombie (D:15)
  A centaur simulacrum (D:15)
  3 redbacks (Gauntlet)
  2 water elementals (D:15)
  2 shadows
  35 yaks
  2 spriggans (Swamp:1)
  5 wyverns
  A wraith (D:14)
  3 vampires
  3 basilisks
  4 vampire mosquitoes
  A steam dragon (D:9)
  4 wargs
  A harpy simulacrum (D:15)
  6 swamp worms (Swamp:1)
  A floating eye (D:11)
  A soldier ant (D:10)
  18 water moccasins
  A hell hound (Gauntlet)
  A hornet zombie (D:15)
  45 orc warriors
  6 ice beasts
  2 sky beasts
  A necrophage (D:9)
  2 phantoms
  3 wolves (Lair:6)
  14 ogres
  23 centaurs
  3 lemures (D:4)
  A big kobold (D:14)
  10 bullfrogs
  A wyvern skeleton (D:14)
  4 scorpions
  28 wights
  2 howler monkeys (D:14)
  An electric eel (Lair:4)
  5 hounds
  13 orc priests
  4 jellies
  3 bullfrog skeletons
  19 orc wizards
  3 centaur skeletons
  4 iguanas
  7 worker ants
  7 hell rats (Lair:5)
  A hound zombie (D:7)
  A hound skeleton (D:9)
  3 worker ant zombies (D:11)
  8 gnolls
  9 adders
  A shadow imp (D:8)
  25 white imps
  7 ufetubi
  An ooze (D:4)
  A worm (D:5)
  A dart slug (D:3)
  6 leopard geckos
  76 orcs
  5 giant cockroaches
  A gnoll zombie (D:6)
  5 goblins
  7 hobgoblins
  6 jackals
  6 quokkas
  A ball python (D:5)
  11 bats
  10 frilled lizards
  A jackal skeleton (D:6)
  A jackal zombie (D:6)
  15 kobolds
  A quokka skeleton (D:9)
  2 quokka zombies
  5 rats
761 creatures vanquished.

Vanquished Creatures (collateral kills)
  3 yaks (D:12)
3 creatures vanquished.

Vanquished Creatures (others)
  A slime creature (D:13)
  A centaur (Orc:2)
  A wight (D:13)
  2 white imps (IceCv)
  3 ufetubi (IceCv)
  20 demonic plants (Gauntlet)
  4 foxfires (Swamp:1)
  16 fungi
  31 plants
79 creatures vanquished.

Grand Total: 843 creatures vanquished

Notes
Turn   | Place    | Note
-------+----------+-------------------------------------------
     0 | D:1      | 112233 the Octopode Fighter began the quest for the Orb.
     0 | D:1      | Reached XP level 1. HP: 16/16 MP: 1/1
   131 | D:1      | Reached XP level 2. HP: 21/21 MP: 2/2
   667 | D:2      | Reached XP level 3. HP: 21/26 MP: 3/3
  1207 | D:2      | Reached XP level 4. HP: 28/31 MP: 4/4
  1958 | D:3      | Found a transporter.
  1960 | D:3      | Found a transporter.
  1960 | D:3      | Noticed VeinyPole's ghost (amateur TrMo)
  1964 | D:3      | Noticed a phantom
  1982 | D:3      | Reached XP level 5. HP: 33/37 MP: 5/5
  2420 | D:3      | Reached XP level 6. HP: 43/43 MP: 6/6
  2905 | D:3      | Found a shimmering blue altar of Sif Muna.
  3170 | D:4      | Reached XP level 7. HP: 38/49 MP: 7/7
  3298 | D:4      | Reached skill level 5 in Fighting
  3857 | D:4      | Reached skill level 5 in Dodging
  3857 | D:4      | Reached skill level 5 in Shields
  3931 | D:4      | Noticed Pikel
  4062 | D:5      | Entered Level 5 of the Dungeon
  4102 | D:5      | Reached XP level 8. HP: 55/55 MP: 8/8
  4333 | D:5      | Found a blossoming altar of Fedhas.
  4511 | D:5      | Reached skill level 5 in Short Blades
  4650 | D:5      | Found a runed translucent door.
  4653 | D:5      | Noticed Thomus's ghost (novice HOFi)
  4670 | D:5      | Found a staircase to the Ecumenical Temple.
  4781 | Temple   | Entered the Ecumenical Temple
  4800 | Temple   | Became a worshipper of Gozag Ym Sagoz the Greedy
  4907 | D:5      | Found a bloodstained altar of Trog.
  5097 | D:4      | Found a runed translucent gate.
  5097 | D:4      | Found a runed translucent gate.
  5097 | D:4      | Noticed Zing's ghost (novice KoEn)
  5098 | D:4      | Found a runed translucent gate.
  5101 | D:4      | Identified the cursed +3 hunting sling of Fekoef {flame,
                  | rElec MP+9 Str+4 Stlth+}
  5101 | D:4      | Identified the cursed +1 ring mail "Soskecs" {Dex+3 Slay+2}
  5103 | D:4      | Found a roughly hewn altar of Beogh.
  5312 | D:4      | Killed Pikel
  5814 | D:6      | Found a glowing silver altar of Zin.
  5815 | D:6      | Found a transporter.
  5833 | D:6      | Found a transporter.
  5964 | D:6      | Reached XP level 9. HP: 35/63 MP: 9/9
  6215 | D:6      | You fall into a shaft and drop 3 floors!
  6877 | D:8      | Found a hide-covered altar of Uskayaw.
  6885 | D:8      | Noticed a +0 dagger
  6885 | D:8      | Noticed a +0 hand axe
  6989 | D:8      | Noticed Harold
  7094 | D:7      | Found a shimmering altar of Xom.
  7707 | D:6      | Found a sparkling altar of Nemelex Xobeh.
  7780 | D:6      | Found a basalt altar of Yredelemnul.
  7781 | D:6      | Found a sacrificial altar of Ru.
  7935 | D:6      | Found a runed translucent door.
  7936 | D:6      | Noticed Crazy Yiuf
  8064 | D:8      | Noticed a two-headed ogre
  8084 | D:8      | Killed a two-headed ogre
  8085 | D:8      | Reached XP level 10. HP: 72/72 MP: 10/10
  8256 | D:8      | Noticed Erica
  8263 | D:8      | Killed Erica
  8270 | D:8      | Killed Harold
  8461 | D:9      | Reached skill level 1 in Stealth
  8530 | D:9      | Reached skill level 2 in Stealth
  8537 | D:9      | Reached skill level 3 in Stealth
  8852 | D:9      | Found a burning altar of Makhleb.
  8858 | D:9      | Reached skill level 4 in Stealth
  8858 | D:9      | Reached XP level 11. HP: 78/78 MP: 11/11
  8945 | D:9      | Found a hazy altar of Hepliaklqana.
  9425 | D:10     | Entered Level 10 of the Dungeon
  9503 | D:10     | Reached skill level 5 in Stealth
  9642 | D:10     | Got a polished dagger
  9755 | D:10     | Found a staircase to the Orcish Mines.
  9766 | D:10     | Identified the +11 dagger of Zin's Indignation {vorpal,
                  | Dex+2} (You found it on level 10 of the Dungeon)
  9807 | D:10     | Reached skill level 6 in Stealth
  9827 | D:10     | Gained mutation: You are clumsy. (Dex -2) [mutagenic glow]
  9864 | D:10     | Reached skill level 7 in Stealth
 10200 | D:10     | Found a staircase to the Lair.
 11310 | D:10     | Reached skill level 1 in Evocations
 11697 | D:11     | Noticed a cyan ugly thing
 11707 | D:11     | Killed a cyan ugly thing
 11708 | D:11     | Reached skill level 8 in Stealth
 11955 | D:11     | Noticed a cyclops
 11957 | D:11     | a cyclops changed into a floating eye
 12200 | D:11     | Noticed a boulder beetle
 12214 | D:11     | Killed a boulder beetle
 12492 | D:12     | Noticed a two-headed ogre
 12515 | D:12     | Killed a two-headed ogre
 12516 | D:12     | Reached skill level 9 in Stealth
 12516 | D:12     | Reached XP level 12. HP: 66/86 MP: 9/12
 12663 | D:12     | Got a crystal trident
 12676 | D:12     | Noticed a two-headed ogre
 12713 | D:12     | Killed a two-headed ogre
 12864 | D:12     | Noticed Rupert
 12893 | D:12     | Killed Rupert
 12894 | D:12     | Reached skill level 10 in Stealth
 13236 | D:12     | Noticed VeinyPole's ghost (journeyman TrMo)
 13237 | D:12     | Noticed a two-headed ogre
 13255 | D:12     | Identified the cursed +2 dire flail of the Present {vorpal,
                  | rC- Str+5}
 13255 | D:12     | Noticed a two-headed ogre
 13332 | D:12     | You fall into a shaft and drop 1 floor!
 13639 | D:13     | Reached skill level 10 in Fighting
 13640 | D:13     | Reached skill level 10 in Shields
 13969 | D:13     | Noticed a two-headed ogre
 13973 | D:13     | Killed a two-headed ogre
 13974 | D:13     | Reached skill level 10 in Dodging
 13974 | D:13     | Reached skill level 11 in Stealth
 14050 | D:13     | Noticed Erolcha
 14325 | D:12     | Found a transporter.
 14326 | D:12     | Found a transporter.
 14326 | D:12     | Noticed a two-headed ogre
 14634 | Orc:1    | Entered Level 1 of the Orcish Mines
 14634 | Orc:1    | Found a runed translucent door.
 14634 | Orc:1    | Found a shimmering altar of Xom.
 14634 | Orc:1    | Found the macabre finger necklace {rN+}
 14634 | Orc:1    | Noticed kalagan's ghost (journeyman GrEE)
 15173 | Orc:2    | Entered Level 2 of the Orcish Mines
 15174 | Orc:2    | Noticed an ettin
 15178 | Orc:2    | Killed an ettin
 15179 | Orc:2    | Reached skill level 10 in Short Blades
 15179 | Orc:2    | Reached skill level 5 in Evocations
 15179 | Orc:2    | Reached XP level 13. HP: 92/92 MP: 13/13
 15311 | Orc:1    | Reached skill level 12 in Stealth
 15667 | Orc:1    | Learned a level 2 spell: Passwall
 17875 | Orc:2    | Found Wafas's Weapon Shop.
 17875 | Orc:2    | Found Tuaj's Distillery.
 17875 | Orc:2    | Found Danaos's Assorted Antiques.
 17878 | Orc:2    | Found Ucienk's Book Boutique.
 17988 | Orc:2    | Found a roughly hewn altar of Beogh.
 18099 | Orc:2    | Found a staircase to the Elven Halls.
 18292 | Orc:1    | Noticed an orc warlord
 18792 | Orc:1    | Killed an orc warlord
 18793 | Orc:1    | Reached skill level 13 in Stealth
 19014 | Orc:2    | Bought a potion of heal wounds for 75 gold pieces
 19014 | Orc:2    | Bought a potion of curing for 45 gold pieces
 19014 | Orc:2    | Bought 2 potions of haste for 300 gold pieces
 19016 | Orc:2    | Bought a ring of strength for 48 gold pieces
 19016 | Orc:2    | Bought a fizzy clear potion for 21 gold pieces
 19016 | Orc:2    | Bought a potion of curing for 72 gold pieces
 19016 | Orc:2    | Bought a potion of might for 96 gold pieces
 19016 | Orc:2    | Bought a potion of heal wounds for 120 gold pieces
 19016 | Orc:2    | Bought 2 potions of heal wounds for 240 gold pieces
 19016 | Orc:2    | Bought 3 scrolls of teleportation for 216 gold pieces
 19018 | Orc:2    | Bought a potion of berserk rage for 75 gold pieces
 19018 | Orc:2    | Bought a potion of lignification for 45 gold pieces
 19018 | Orc:2    | Bought a potion of curing for 45 gold pieces
 19018 | Orc:2    | Bought a potion of degeneration for 15 gold pieces
 19018 | Orc:2    | Bought a potion of curing for 45 gold pieces
 19284 | D:13     | Identified a scroll of acquirement
 19291 | D:13     | Acquired the ring "Ciheph" {rF+++ MP+9 Dex+4 Slay-2}
 19465 | D:13     | Killed Erolcha
 20259 | D:14     | Reached skill level 1 in Spellcasting
 21367 | D:15     | Entered Level 15 of the Dungeon
 21413 | D:15     | Reached XP level 14. HP: 63/99 MP: 16/17
 22023 | D:15     | Reached skill level 14 in Stealth
 22924 | D:15     | Noticed Nessos
 22930 | D:15     | Killed Nessos
 23125 | D:15     | Identified the +3 leather armour "Zacreu" {+Fly Dex+4}
 24357 | D:14     | Found a gate to the Vaults.
 25548 | D:10     | Bought a potion of heal wounds for 185 gold pieces
 25548 | D:10     | Bought a scroll labelled YBOMYH TORPHEAS for 37 gold pieces
 25548 | D:10     | Bought a wand of iceblast (12) for 148 gold pieces
 25706 | Lair:1   | Entered Level 1 of the Lair of Beasts
 25749 | Lair:1   | Reached XP level 15. HP: 108/108 MP: 21/21
 25873 | Lair:1   | Found a gate leading to a gauntlet.
 25882 | Gauntlet | Entered a Gauntlet
 25882 | Gauntlet | Found a transporter.
 25939 | Gauntlet | Found a transporter.
 25952 | Gauntlet | Found a transporter.
 25956 | Gauntlet | Found a transporter.
 25966 | Gauntlet | Found a transporter.
 25986 | Gauntlet | Found a transporter.
 25999 | Gauntlet | Found a transporter.
 26016 | Gauntlet | Found a transporter.
 26020 | Gauntlet | Found a transporter.
 26028 | Gauntlet | Found a transporter.
 26056 | Gauntlet | Found a transporter.
 26057 | Gauntlet | Found a transporter.
 26194 | Gauntlet | Got a bound steel amulet
 26206 | Gauntlet | Identified the amulet of Leum Ricusik {Acrobat Str+7} (You
                  | found it in a Gauntlet)
 26220 | Gauntlet | Got a warped emerald amulet
 26428 | Gauntlet | Got an iridescent dagger
 26431 | Gauntlet | Identified the +4 dagger of Bodily Harmony {elec, rF+
                  | Will+} (You found it in a Gauntlet)
 26448 | Gauntlet | Reached skill level 15 in Stealth
 26448 | Gauntlet | Reached skill level 5 in Spellcasting
 26905 | Lair:1   | Found a sparkling altar of Nemelex Xobeh.
 27337 | Lair:2   | Found a frozen archway.
 27366 | IceCv    | Entered an ice cave
 27901 | IceCv    | Learned a level 1 spell: Apportation
 29327 | Lair:2   | Reached skill level 1 in Translocations
 29743 | D:10     | Identified the amulet "Giuwint" {RegenMP Dex+8} (You found
                  | it in a Gauntlet)
 30073 | Lair:3   | Found a staircase to the Swamp.
 31531 | Lair:4   | Found a hole to the Spider Nest.
 32583 | Lair:6   | Entered Level 6 of the Lair of Beasts
 33443 | Lair:6   | Found a viscous altar of Jiyva.
 33444 | Lair:6   | Found a staircase to the Slime Pits.
 33528 | Lair:6   | Reached XP level 16. HP: 83/116 MP: 25/25
 33565 | Lair:6   | Reached skill level 10 in Evocations
 34410 | D:10     | Learned a level 2 spell: Wereblood
 34417 | D:10     | Learned a level 6 spell: Statue Form
 34679 | D:15     | Reached skill level 16 in Stealth
 34854 | D:15     | Found a staircase to the Depths.
 34907 | D:15     | Reached skill level 1 in Transmutations
 35389 | D:12     | Killed VeinyPole's ghost
 35687 | Swamp:1  | Entered Level 1 of the Swamp
 36186 | Swamp:1  | Identified the +5 war axe "Noahoerr" {drain, rElec}
 36811 | D:10     | Bought a potion of heal wounds for 75 gold pieces
 36811 | D:10     | Bought a potion of mutation for 120 gold pieces
 36811 | D:10     | Bought a potion of attraction for 45 gold pieces
 36811 | D:10     | Bought a potion of might for 60 gold pieces
 36814 | D:10     | Bought a bloodstained dagger for 294 gold pieces
 36819 | D:10     | Identified the +8 dagger "Caciadud" {speed, rElec rPois rF-
                  | Str+4} (You bought it in a shop on level 10 of the Dungeon)
 36924 | Spider:1 | Entered Level 1 of the Spider Nest
 36924 | Spider:1 | Noticed Asterion
 36936 | Spider:1 | Killed Asterion
 37419 | Depths:1 | Entered Level 1 of the Depths
 37638 | D:15     | Slain by a white very ugly thing

Illustrated notes

Levels and vault maps discovered:
D:1:      lightli_iron_boxes, layout_rooms, serial_park_tiny_pond
D:2:      layout_basic
D:3:      minmay_chambers_of_twos, layout_loops_ring, lemuel_crystal_altar,
          gammafunk_ghost_mausoleum
D:4:      layout_cave_pods, biasface_ghost_orc_armoury, uniq_pikel
D:5:      layout_loops_corners, marbit_many_paths, bloody_trog,
          minmay_temple_entry_mini_moons, ebering_ghost_reflecting_pool
D:6:      cheibrodos_iron_armory, layout_cave_pools, lemuel_crystal_altar,
          kennysheep_mini, gammafunk_temple_overflow_arena,
          overflow_temple_1_default, enter_ossuary_3, uniq_crazy_yiuf_cottage
D:7:      layout_loops_ring, xom_teletrap_fun
D:8:      layout_gridville, dancing_weapons_uskayaw, uniq_erica, uniq_harold
D:9:      layout_roguey, makhleb_blood_cavern_becter, nzn_hepliaklqana_mist_gate
D:10:     layout_layer_cave, dpeg_oklobed_lair, david_orc_1_choice
D:11:     layout_basic
D:12:     layout_loops_ring, gammafunk_ghost_smash, uniq_rupert
D:13:     layout_irregular_city, uniq_erolcha
D:14:     layout_basic, lightli_vaults_fourway_checkpoint
D:15:     grunt_enter_depths_magical_seal, layout_basic,
          chequers_serial_rivers_micro_d, minmay_fractal_squares_gapless_5,
          uniq_nessos
Temple:   chequers_temple_sunken
Lair:1:   layout_long_grid, gauntlet_entry_generic, amcnicky_altar_gilded
Lair:2:   layout_cave_pods, portal_ice_cave_entry_imps
Lair:3:   layout_layer_cave, swamp_mist
Lair:4:   layout_gridlike, spider_nest_entry_rubble, serial_forest,
          infiniplex_forest_corner_1, infiniplex_forest_straight_1,
          infiniplex_forest_clump_medium, infiniplex_forest_clump_large,
          infiniplex_forest_straight_4, grunt_megastairs_1, lemuel_fruit_tree,
          infiniplex_staircase_pool
Lair:5:   layout_concentric_octagons
Lair:6:   gammafunk_lair_ancient_temple, layout_loops_ring, slime_altar_1,
          small_statue_intersection
Swamp:1:  layout_basic_swamp, hangedman_swamp_ruin_wall, swamp_pool3
Spider:1: layout_chambers, uniq_asterion
Orc:1:    cheibrodos_orc_arena, layout_diamond_mine, ebering_ghost_xom
Orc:2:    st_orc_rangers, layout_diamond_mine, basic_altar
Depths:1: layout_basic, hell_entry, dk_noncrumbling_4, grunt_ministairs_15,
          horrible_house_mu, uniq_saint_roka

Skill      XL: |  1  2  3  4  5  6  7  8  9 10 11 12 13 14 15 16 |
---------------+-------------------------------------------------+-----
Short Blades   | 3 4 5 7 8 9 10 | 10.0
Fighting       | 4 5 6 7 8 9 10 11 12 13 | 13.0
Dodging        | 4 5 6 7 8 9 10 11 12 | 12.9
Shields        | 4 5 6 7 8 9 10 11 12 | 12.9
Stealth        | 4 9 11 13 14 15 16 | 16.3
Evocations     | 2 5 6 8 9 10 | 10.5
Spellcasting   | 2 4 6 7 |  7.1
Translocations | 3 |  3.8
Transmutations | 3 |  3.0

Action                   |  1- 3 |  4- 6 |  7- 9 | 10-12 | 13-15 | 16-18 || total
-------------------------+-------+-------+-------+-------+-------+-------++-------
Melee: Rapier            |    52 |    41 |       |       |       |       ||    93
       Constrict         |    10 |    23 |    42 |    45 |   162 |    14 ||   296
       Tentacles         |     8 |    20 |    37 |   133 |   453 |    82 ||   733
       Dagger            |       |    58 |   208 |   416 |  1256 |   214 ||  2152
Throw: Javelin           |       |       |     4 |     8 |    19 |       ||    31
       Dart              |       |       |    10 |       |       |       ||    10
 Cast: Apportation       |       |       |       |       |    10 |       ||    10
Invok: Potion Petition   |       |       |       |       |     1 |       ||     1
       Call Merchant     |       |       |       |       |     3 |     3 ||     6
Evoke: Wand              |       |       |     2 |    26 |    27 |     4 ||    59
       Condenser vane    |       |       |       |     1 |     4 |     1 ||     6
       Lightning rod     |       |       |       |       |     3 |     4 ||     7
  Use: Potion            |       |       |     7 |     5 |     7 |     2 ||    21
       Scroll            |       |       |    10 |     2 |    15 |     3 ||    30
 Stab: Sleeping          |     3 |     4 |    10 |    29 |    38 |    17 ||   101
       Paralysed         |       |       |       |     2 |       |       ||     2
       Distracted        |       |       |       |     1 |    22 |     2 ||    25
Armor: Skin              |     2 |     9 |    18 |    15 |    77 |     7 ||   128
Dodge: Dodged            |    21 |    49 |    48 |   106 |   553 |    67 ||   844
Block: Kite shield       |    18 |    33 |    55 |   131 |   592 |    62 ||   891
